 Dungeon Crawl Stone Soup version 0.30-a0-292-g0f741e3f8e (webtiles) character file.

Game seed: 9992052673413565742

9 Flugkiller the Trooper (level 2, 24/24 HPs)
             Began as a Demonspawn Wanderer on Oct 17, 2022.
             Quit the game on level 1 of the Dungeon.
             The game lasted 00:00:24 (204 turns).

Flugkiller the Trooper (Demonspawn Wanderer)         Turns: 204, Time: 00:00:24

Health: 24/24      AC:  3    Str: 10    XL:     2   Next: 6%
Magic:  3/3        EV: 10    Int: 11    God:
Gold:   0          SH:  5    Dex: 16    Spells: 2/3 levels left

rFire   . . .      SeeInvis .    a - +0 dagger
rCold   . . .      Faith    .    b - +0 buckler
rNeg    . . .      Spirit   .    d - +0 robe
rPois   .          Reflect  .    (no helmet)
rElec   .          Harm     .    h - +0 cloak
rCorr   .          Rampage  .    (no gloves)
Will    .....                    (no boots)
Stlth   +.........               (no amulet)
HPRegen 0.24/turn                (no ring)
MPRegen 0.08/turn                (no ring)

@: no status effects
A: foul stench 1
a: no special abilities


You were on level 1 of the Dungeon.
You visited 1 branch of the dungeon, and saw 1 of its levels.

Inventory:

Hand Weapons
 a - a +0 dagger (weapon)
Armour
 b - a +0 buckler (worn)
 d - a +0 robe (worn)
 h - a +0 cloak (worn)
   (You found it on level 1 of the Dungeon)
Scrolls
 e - a scroll of teleportation {unknown}
 f - a scroll of magic mapping {unknown}
 g - a scroll of blinking {unknown}
 j - a scroll of noise {unknown}
Potions
 c - a potion of berserk rage
 i - a potion of might {unknown}
 q - a potion of curing


   Skills:
 + Level 3.6 Fighting
 - Level 2.6 Shields
 - Level 1.0 Spellcasting
 - Level 2.6 Earth Magic


You had 2 spell levels left.
You knew the following spells:

 Your Spells              Type           Power      Damage    Failure   Level
a - Sandblast             Erth           12%        2d6       14%         1

Your spell library contained the following spells:

 Spells                   Type           Power      Damage    Failure   Level
 Animate Armour           Summ/Erth      6%         N/A       94%         4
 Petrify                  Tmut/Erth      3%         N/A       94%         4


Dungeon Overview and Level Annotations

Branches:
Dungeon (1/15) Zot: 5793

Altars:


Innate Abilities, Weirdness & Mutations

You may rarely emit foul miasma when damaged in melee.


Message History

i - an emerald potion A ball python comes into view.
A ball python is nearby!
A ball python is nearby!
The ball python hisses angrily.
You block the ball python's attack. The ball python grabs you.
The ball python constricts you. The ball python bites you.
The ball python constricts you.
You barely miss the ball python. The ball python bites you.
The ball python constricts you.
You hit the ball python.
The ball python is severely wounded.
The ball python bites you. The ball python constricts you.
You are too injured to fight recklessly!
You are too injured to fight recklessly!
You are too injured to fight recklessly!
You are too injured to fight recklessly!
You are too injured to fight recklessly!
A ball python is nearby!
A ball python is nearby!
You are too injured to fight recklessly!
You barely miss the ball python.
The ball python is severely wounded.
You block the ball python's attack. The ball python constricts you.
You are too injured to fight recklessly!
You barely miss the ball python.
The ball python is severely wounded.
The ball python completely misses you. The ball python constricts you.
You block the ball python's attack. The ball python constricts you.
You hit the ball python but do no damage.
The ball python is heavily wounded.
The ball python bites you but does no damage.
The ball python constricts you.
You hit the ball python.
You kill the ball python!
A goblin comes into view. It is wielding a +0 dagger.
You see here a ball python corpse.
A goblin is nearby!
You start resting.
HP restored.
A goblin is nearby!
A goblin is nearby!
The goblin hits you with a +0 dagger.
You closely miss the goblin. You block the goblin's attack.
You barely miss the goblin. The goblin barely misses you.
You hit the goblin.
The goblin is moderately wounded.
The goblin hits you but does no damage.
You hit the goblin.
You kill the goblin!
No target in view!
No target in view!
No target in view!
No target in view!
j - a scroll labelled XYAS DATOEHE You open the door.
A dart slug comes into view.
The dart slug launches a dart at you. The slug dart hits you.
A dart slug is nearby!
A dart slug is nearby!
There is an open door here.
You hit the dart slug.
The dart slug is heavily wounded.
The dart slug launches a dart at you. The slug dart misses you.
You completely miss the dart slug.
The dart slug is heavily wounded.
You hit the dart slug.
The dart slug is severely wounded.
You block the dart slug's attack.
You hit the dart slug but do no damage.
The dart slug is severely wounded.
The dart slug bites you but does no damage.
You hit the dart slug but do no damage.
The dart slug is severely wounded.
The dart slug bites you but does no damage.
You hit the dart slug but do no damage.
The dart slug is severely wounded.
You hit the dart slug.
The dart slug is severely wounded.
The dart slug launches a dart at you. The slug dart misses you.
You hit the dart slug but do no damage.
The dart slug is severely wounded.
The dart slug bites you but does no damage.
A dart slug is nearby!
A dart slug is nearby!
You hit the dart slug but do no damage.
The dart slug is severely wounded.
The dart slug launches a dart at you. You block the slug dart.
You hit the dart slug.
You kill the dart slug!
You have reached level 2!
Your demonic ancestry asserts itself...
You begin to emit a foul stench of rot and decay.
Save game and exit?
Okay, then.
Are you sure you want to abandon this character and quit the game? (Confirm with "yes".)

#........# #........
#........# #........
#........###........
###...)...†...........
#..........###########
#...........#
#...###'#...#
#.......#...#
#...†@..#...#
#......^#...#
#.......#...#
#.......#...#
#.......#...#
#.......# #.......#
#.......#


There were no monsters in sight!

Vanquished Creatures
  A dart slug (D:1)
  An endoplasm (D:1)
  2 quokkas (D:1)
  2 ball pythons (D:1)
  A goblin (D:1)
  A toadstool (D:1)
8 creatures vanquished.

Notes
Turn   | Place    | Note
-------+----------+-------------------------------------------
     0 | D:1      | Flugkiller the Demonspawn Wanderer began the quest for the
                  | Orb.
     0 | D:1      | Flugkiller set off with the following items: a +0 dagger, a
                  | +0 buckler, a potion of berserk rage, a +0 robe, a potion
                  | of curing; and the following spell memorised: Sandblast;
                  | and the following spells available to memorise: Animate
                  | Armour, Petrify.
     0 | D:1      | Reached XP level 1. HP: 18/18 MP: 2/2
   204 | D:1      | Gained mutation: You may rarely emit foul miasma when
                  | damaged in melee. [demonic ancestry]
   204 | D:1      | Reached XP level 2. HP: 24/24 MP: 3/3
   204 | D:1      | Quit the game

Illustrated notes

Levels and vault maps discovered:
D:1:      ldierk_water_garden, layout_basic

Action                   || total
-------------------------++-------
Melee: Dagger            ||    42
Armor: Robe              ||     7
Dodge: Dodged            ||    19
Block: Buckler           ||    10

Table legend: (Time is in decaauts)
 A = Elapsed time spent in this place.
 B = Non-inter-level travel time spent in this place.
 C = Inter-level travel time spent in this place.
 D = Time resting spent in this place.
 E = Time spent auto-exploring this place.
 F = Levels seen in this place.
 G = Mean time per level.
                   A        B        C        D        E       F      G
               +--------+--------+--------+--------+--------+-----+--------+
         Total |    206 |    206 |      0 |     62 |     48 |   1 |  206.0 |
       Dungeon |    206 |    206 |      0 |     62 |     48 |   1 |  206.0 |
               +--------+--------+--------+--------+--------+-----+--------+

Top non-repeatable levels by time:
     D:1: 206 daAuts
